 Dungeon Crawl Stone Soup version 0.32-a0-673-g3729bd5 (webtiles) character file.

Game seed: 12596504906996744624

648080 Anonymous1 the Axe Maniac (level 26, 266/266 HPs)
             Began as a Mountain Dwarf Berserker on Mar 7, 2024.
             Was the Champion of the Shining One.
             Quit the game on level 1 of the Realm of Zot on Mar 10, 2024.
             The game lasted 02:29:08 (67143 turns).

Anonymous1 the Axe Maniac (MDBe)                   Turns: 67143, Time: 02:29:09

Health: 266/266    AC: 54    Str: 40    XL:     26   Next: 68%
Magic:  12/12      EV: 12    Int: 17    God:    the Shining One [******]
Gold:   4162       SH:  0    Dex: 13    Spells: 35/43 levels left

rFire   + + .        v - +8 executioner's axe (antimagic)
rCold   + . .        (shield currently unavailable)
rNeg    + + +        B - +8 orange crystal plate armour {Archmagi, Int+3 Clar}
rPois   +            f - +3 helmet of Mirth {rPois Int+4 Stlth-}
rElec   +            F - scarf {rC+ rF+}
rCorr   +            n - +2 pair of gloves {Str+3}
SInv    +            x - +2 pair of boots
Will    +++..        J - amulet of Vitality {Regen++ RegenMP++} Stlth
                     G - ring "Soczahas" {rPois Will+ Str+7}
HPRegen 2.24/turn    D - ring of Bait {rElec rF+ rCorr Dex+4}
MPRegen 0.93/turn

%: clarity, archmagi
@: glowing, studying Unarmed Combat
A: runic magic, artefact enchanting, iridescent scales 1, see invisible,
clarity, mutation resistance 1, inability to drink after injury 1
}: 5/15 runes: decaying, serpentine, slimy, silver, abyssal
a: Renounce Religion, Divine Shield, Cleansing Flame, Summon Divine Warrior


You were on level 1 of the Realm of Zot.
You worshipped the Shining One.
The Shining One was exalted by your worship.
You visited 12 branches of the dungeon, and saw 52 of its levels.
You visited the Abyss 1 time.
You also visited: Bailey, Gauntlet and Wizlab.

You collected 9917 gold pieces.
You spent 5755 gold pieces at shops.

Inventory:

Hand Weapons
 v - a +8 antimagic executioner's axe (weapon)
 T - a +9 executioner's axe of holy wrath
Missiles
 b - 10 throwing nets
 P - 12 darts of dispersal
Armour
 f - the +3 helmet of Mirth (worn) {rPois Int+4 Stlth-}
   (You bought it in a shop on level 2 of the Orcish Mines)

   Int+4:     It affects your intelligence (+4).
   rPois:     It protects you from poison.
   Stlth-:    It makes you less stealthy.
 n - a +2 pair of gloves of strength (worn)
 x - a +2 pair of boots (worn)
 B - the +8 orange crystal plate armour (worn) {Archmagi, Int+3 Clar}
   (You found it on level 5 of the Vaults)

   Int+3:     It affects your intelligence (+3).
   Clar:      It protects you from confusion, rage, mesmerisation and fear.
 F - a scarf of resistance (worn)
Jewellery
 D - the ring of Bait (right hand) {rElec rF+ rCorr Dex+4}
   (You took it off a deep elf sorcerer on level 3 of the Elven Halls)

   [ring of resist corrosion]

   Dex+4:     It affects your dexterity (+4).
   rF+:       It protects you from fire.
   rElec:     It insulates you from electricity.
   rCorr:     It protects you from acid and corrosion.
 G - the ring "Soczahas" (left hand) {rPois Will+ Str+7}
   (You bought it in a shop on level 2 of the Snake Pit)

   [ring of willpower]

   Str+7:     It affects your strength (+7).
   rPois:     It protects you from poison.
   Will+:     It increases your willpower.
 J - the amulet of Vitality (around neck) {Regen++ RegenMP++}
   (You found it on level 1 of the Depths)

   [amulet of nothing]

   Regen++:   It increases your rate of health regeneration.
   RegenMP++: It increases your rate of magic regeneration.
Wands
 l - a wand of light (25)
 p - a wand of charming (50)
 A - a wand of digging (30)
 C - a wand of roots (72)
 Y - a wand of polymorph (38)
Scrolls
 e - 20 scrolls of teleportation
 h - 31 scrolls of identify
 i - 3 scrolls of revelation
 k - 9 scrolls of summoning
 m - 5 scrolls of immolation
 s - 12 scrolls of poison
 y - 7 scrolls of enchant armour
 Q - 6 scrolls of vulnerability
 S - 5 scrolls of blinking
 U - 10 scrolls of fog
 V - 4 scrolls of amnesia
 X - 6 scrolls of fear
Potions
 c - 4 potions of cancellation
 d - 18 potions of heal wounds
 g - 11 potions of enlightenment
 j - 12 potions of might
 o - 3 potions of ambrosia
 q - 11 potions of haste
 r - 11 potions of mutation
 t - 8 potions of brilliance
 u - 23 potions of curing
 w - 3 potions of lignification
 z - 7 potions of berserk rage
 E - 6 potions of attraction
 M - 9 potions of magic
 N - 5 potions of resistance
Miscellaneous
 H - a condenser vane
 K - a box of beasts
 L - a lightning rod (4/4)
 R - a phial of floods
 Z - a phantom mirror


   Skills:
 O Level 27 Fighting
 O Level 27 Axes
 - Level 9.0 Ranged Weapons
 O Level 27 Armour
 - Level 7.9 Dodging
 * Level 9.3 Spellcasting
 * Level 9.0 Translocations
 * Level 23.5 Invocations
 + Level 13.4 Evocations


You had 35 spell levels left.
You knew the following spells:

 Your Spells              Type           Power      Damage    Failure   Level
a - Manifold Assault      Tloc           55%        N/A       3%          4
b - Lesser Beckoning      Tloc           100%       N/A       1%          2
B - Blink                 Tloc           100%       N/A       1%          2

Your spell library contained the following spells:

 Spells                   Type           Power      Damage    Failure   Level
 Gell's Gravitas          Tloc           55%        N/A       1%          3
 Teleport Other           Tloc           55%        N/A       1%          3
 Passage of Golubria      Tloc           55%        N/A       3%          4
 Freeze                   Ice            44%        1d6       13%         1
 Kiss of Death            Conj/Necr      44%        2d8       13%         1
 Magic Dart               Conj           44%        1d5       13%         1
 Necrotise                Necr           44%        1d6       13%         1
 Sandblast                Erth           22%        2d7       13%         1
 Call Imp                 Summ           22%        N/A       19%         2
 Ensorcelled Hibernation  Hex/Ice        22%        N/A       19%         2
 Mercury Vapours          Alch/Air       22%        N/A       19%         2
 Scorch                   Fire           22%        2d5       19%         2
 Searing Ray              Conj           22%        2d5       19%         2
 Static Discharge         Conj/Air       22%        3-4/arc   19%         2
 Sublimation of Blood     Necr           11%        N/A       19%         2
 Iskenderun's Mystic Bla  Conj/Tloc      34%        2d8       19%         4
 Vhi's Electric Charge    Tloc/Air       68%        N/A       19%         4
 Confusing Touch          Hex            11%        N/A       36%         3
 Dazzling Flash           Conj/Hex       22%        N/A       36%         3
 Frozen Ramparts          Ice            22%        1d4       36%         3
 Fugue of the Fallen      Necr           11%        N/A       36%         3
 Hailstorm                Conj/Ice       11%        3d6       36%         3
 Mephitic Cloud           Conj/Alch/Air  11%        N/A       36%         3
 Ozocubu's Armour         Ice            11%        N/A       36%         3
 Passwall                 Erth           11%        N/A       36%         3
 Stone Arrow              Conj/Erth      22%        3d8       36%         3
 Summon Ice Beast         Ice/Summ       11%        N/A       36%         3
 Swiftness                Air            11%        N/A       36%         3
 Dispersal                Tloc           27%        N/A       43%         6
 Airstrike                Air            5%         2d(1-17)  77%         4
 Animate Armour           Summ/Erth      22%        N/A       77%         4
 Brom's Barrelling Bould  Conj/Erth      11%        2d3       77%         4
 Dispel Undead            Necr           11%        3d9       77%         4
 Flame Wave               Conj/Fire      11%        2d6       77%         4
 Fulminant Prism          Conj/Alch      5%         3d7       77%         4
 Leda's Liquefaction      Alch/Erth      5%         N/A       77%         4
 Petrify                  Alch/Erth      11%        N/A       77%         4
 Summon Lightning Spire   Summ/Air       11%        N/A       77%         4
 Arcjolt                  Conj/Air       5%         1d15      98%         5
 Freezing Cloud           Conj/Ice/Air   5%         6-21      98%         5
 Irradiate                Conj/Alch      5%         3d13      98%         5
 Iskenderun's Battlesphe  Conj           11%        2d7       98%         5
 Lee's Rapid Deconstruct  Erth           5%         3d6*      98%         5
 Silence                  Hex/Air        5%         N/A       98%         5
 Summon Mana Viper        Hex/Summ       11%        N/A       98%         5
 Bombard                  Conj/Erth      5%         9d2       100%        6
 Sculpt Simulacrum        Ice/Alch       5%         N/A       100%        6
 Summon Cactus Giant      Summ           5%         N/A       100%        6
 Haunt                    Necr/Summ      5%         N/A       100%        7
 Monstrous Menagerie      Summ           5%         N/A       100%        7
 Ozocubu's Refrigeration  Ice            5%         4d8       100%        7
 Spellforged Servitor     Conj/Summ      5%         N/A       100%        7
 Borgnjor's Revivificati  Necr           5%         N/A       100%        8
 Lehudib's Crystal Spear  Conj/Erth      5%         10d3      100%        8
 Maxwell's Capacitive Co  Air            5%         ∞         100%        8
 Death's Door             Necr           5%         N/A       100%        9
 Polar Vortex             Ice            5%         N/A       100%        9


Dungeon Overview and Level Annotations

Branches:
Dungeon (15/15)            Temple (1/1) D:4            Lair (5/5) D:8
  Swamp (4/4) Lair:3        Snake (4/4) Lair:2        Slime (5/5) Lair:5
    Orc (2/2) D:10            Elf (3/3) Orc:2        Vaults (5/5) D:14
  Crypt (3/3) Vaults:2       Tomb (0/3) Crypt:3      Depths (4/4) D:15
    Zot (1/5) Depths:4     Bailey (visited)          WizLab (visited)
Gauntlet (visited)

Altars:
Ashenzari
Cheibriados
Dithmenos
Elyvilon
Fedhas
Gozag
Hepliaklqana
Kikubaaqudgha
Makhleb
Nemelex Xobeh
Okawaru
Qazlal
Ru
Sif Muna
Trog
Uskayaw
Vehumet
Wu Jian
Xom
Yredelemnul
Zin
The Shining One
Jiyva

Shops:
D:3 :=(*   D:4 *   D:8 [[**[   D:9 (   D:11 [   D:14 *   Orc:1 ?   Orc:2 :*[(
Elf:2 *:   Elf:3 [   Snake:2 =   Snake:3 [   Vaults:2 *   Vaults:4 [[(
Depths:1 :

Portals:
Hell: Depths:1 Depths:2 Depths:3 Depths:4
Abyss: Depths:2 Depths:3 Depths:4
Pandemonium: Depths:2
Ziggurat: Depths:1


Innate Abilities, Weirdness & Mutations

Your spellcasting is much less encumbered by armour.
You can use scrolls of enchantment on lesser artefacts.
You are partially covered in iridescent scales. (AC +2)
You have supernaturally acute eyesight. (SInv)
You possess an exceptional clarity of mind.
You are somewhat resistant to further mutation.
You occasionally lose the ability to drink potions when taking damage.


Message History

The green draconian misses you.
You open the green draconian like a pillowcase!!!
You kill the green draconian!
No target in view!
No target in view!
Things that are here:
a +0 battleaxe; a green draconian corpse You open the door.
There is an open door here.
You open the door.
There is an open door here.
There is an open door here.
Key pressed, stopping explore.
There is an open door here.
There is an open door here.
There is a fountain of clear blue water here.
You open the door.
There is an open door here.
You now have 4162 gold pieces (gained 15).
You see here a +1 hat.
You open the door.
There is an open door here.
There is a fountain of clear blue water here.
There is an open door here.
Things that are here:
a +0 halberd; a black draconian skeleton
Items here: ))) ÷÷.
You see here a +0 trident.
Things that are here:
a +0 halberd; a white draconian skeleton You see here a book of Frost.
Done exploring.
Unknown command.
Welcome back, Anonymous1 the Mountain Dwarf Berserker.
The Shining One says: Lead the forces of light to victory!
Press ? for a list of commands and other information.
Done exploring.
There is a stone staircase leading down here.
There is a stone staircase leading down here.
Are you sure you want to abandon this character and quit the game? (Confirm with "yes".)

#####################
#≈≈§≈≈≈≈≈≈≈≈≈≈≈≈≈≈≈≈#
#≈≈≈§≈≈.≈≈≈≈≈.≈§≈≈≈≈#
#≈≈.§.....≈.....≈.§§#
##§≈...............§≈##
##§§≈.......@.......§≈≈##
###≈≈§...:............§≈§§###
#≈§§≈≈.................≈≈≈§≈#
##≈§§.....................§§≈###
#§≈§.§...................>§≈≈≈#.
#≈≈≈≈.§.................≈.§≈§§#.
####≈≈≈...............§.≈≈§####.
# ##≈≈...............§§≈≈## #. #
##≈≈...............§§## #.


There were no monsters in sight!

Vanquished Creatures
  A dread lich (Vaults:4)
  Frederick (Crypt:2)
  An orb of fire (Zot:1)
  An ancient lich (Vaults:4)
  Mennas (Vaults:4)
  A juggernaut (Depths:2)
  Mara (Vaults:4)
  Xtahua (Crypt:2)
  Vv (Zot:1)
  Sojobo (Vaults:3)
  The ghost of Tazok the Minotaur Barricade, a veteran MiCA of Jiyva (Depths:4)
  A Killer Klown (Zot:1)
  2 antique champions (WizLab)
  Boris (twice) (Vaults:1 Crypt:3)
  the Lernaean hydra (Swamp:4)
  A curse toe (Zot:1)
  Margery (Vaults:5)
  Nikola (Swamp:3)
  The ghost of Ites the Warrior, a veteran DsAl of Cheibriados (Vaults:1)
  7 golden dragons
  2 profane servitors (Crypt:3)
  the Enchantress (Depths:2)
  2 bone dragons
  Norris (Elf:1)
  3 doom hounds (Crypt:1)
  A shard shrike zombie (Crypt:3)
  Rupert (Lair:3)
  5 tentacled monstrosities
  9 liches
  A deep elf master archer (Elf:3)
  A searing wretch (Vaults:4)
  A walking divine tome (Depths:3)
  Grunn (Crypt:1)
  2 quicksilver dragons
  6 titans
  22 acid blobs
  3 death cobs (Zot:1)
  An Executioner (Abyss:1)
  8 ancient champions
  18 tentacled starspawn
  6 sphinxes
  Agnes (Snake:1)
  Gastronok (D:9)
  10 tengu reavers
  2 revenants
  7 storm dragons
  5 nagarajas
  5 shadow dragons
  Donald (Vaults:1)
  3 thorn hunters
  7 azure jellies
  Aizul (Swamp:4)
  A fenstrider witch (Swamp:3)
  2 draconian monks (Zot:1)
  11 fire giants
  4 rockslimes
  8 deep elf sorcerers (Elf:3)
  A draconian scorcher (Zot:1)
  2 draconian knights (Zot:1)
  3 balrugs
  3 draconian shifters (Zot:1)
  An iron dragon (D:15)
  19 vault wardens
  3 curse skulls
  2 ghost moths
  5 frost giants
  5 deep elf elementalists (Elf:3)
  3 draconian stormcallers
  2 orc warlords
  16 ironbound preservers
  8 ghouls
  A reaper (Abyss:1)
  24 stone giants
  8 formless jellyfish
  A cacodemon (Abyss:2)
  13 quicksilver oozes
  5 spriggan defenders
  10 very ugly things
  A draconian annihilator (Depths:4)
  5 ironbound thunderhulks
  10 vampire knights
  A juggernaut skeleton (Crypt:3)
  Nessos (D:14)
  8 black draconians (Zot:1)
  The ghost of Fyiman the Eclecticist, a journeyman DECj of Sif Muna (D:15)
  8 green draconians
  A caustic shrike skeleton (Crypt:2)
  3 deep elf demonologists
  15 dire elephants
  6 deep elf death magi
  2 spark wasps (Depths:3)
  4 eleionomae
  A lorocyproca (Abyss:3)
  7 white draconians
  5 purple draconians
  2 red draconians
  7 deep elf annihilators
  A minotaur (Gauntlet)
  2 war gargoyles
  4 bunyips
  8 yellow draconians
  Snorg (D:14)
  6 deep elf high priests
  2 green deaths (Abyss:1)
  9 fire dragons
  A merfolk javelineer (Abyss:3)
  2 mummy priests (Crypt:3)
  17 ettins
  4 eidola
  2 crystal guardians
  13 jiangshi
  3 entropy weavers
  16 yaktaur captains
  6 ice dragons
  21 hydras
  15 great orbs of eyes
  A juggernaut simulacrum (WizLab)
  3 salamander tyrants
  2 peacekeepers
  4 rakshasas
  32 vault guards
  10 spriggan air magi
  3 centaur warriors
  3 ogre magi
  12 alligators
  7 boulder beetles
  3 death knights
  2 ghost crabs (Swamp:1)
  5 ironbound frosthearts
  6 anacondas
  Erica (Lair:2)
  2 satyrs (Abyss:3)
  24 dancing weapons
  15 two-headed ogres
  A catoblepas (Lair:4)
  2 death scarabs (Gauntlet)
  3 death yaks (Lair:5)
  5 deep troll shamans
  A sphinx skeleton (Depths:1)
  5 vampire magi
  An occultist (Depths:3)
  9 thrashing horrors
  9 deep troll earth magi
  4 tengu warriors
  15 naga sharpshooters
  2 titan zombies
  8 spriggan berserkers
  4 hell hogs (Abyss:2)
  Urug (Lair:2)
  18 naga warriors
  A soul eater (Abyss:1)
  Nergalle (D:11)
  3 orc high priests (Orc:2)
  A sun demon (Abyss:1)
  17 deep elf knights
  5 shock serpents
  5 sixfirhies
  Sonja (Lair:3)
  22 spriggans
  2 salamander mystics
  6 skysharks
  9 wretched stars
  3 hell knights
  A titan skeleton (Crypt:3)
  Amaemon (Lair:1)
  A spectral death yak (Lair:5)
  21 skeletal warriors
  3 storm dragon skeletons
  4 goliath frogs
  A bunyip zombie (Crypt:2)
  2 spark wasp zombies
  11 iron trolls
  A deep troll (shapeshifter) (Vaults:5)
  5 glowing orange brains
  6 shadow wraiths
  4 spriggan druids
  A spectral hydra (Gauntlet)
  A spectral anaconda (Lair:5)
  8 mana vipers
  A spriggan simulacrum (Crypt:2)
  An anaconda zombie (Crypt:3)
  11 arcanists
  2 golden dragon zombies
  54 deep trolls
  An obsidian statue (Lair:5)
  9 flayed ghosts
  5 naga ritualists
  11 deep elf archers
  13 phantasmal warriors
  3 bog bodies
  13 swamp dragons
  23 deep elf zephyrmancers
  7 lindwurms (Vaults:1)
  A bunyip skeleton (Crypt:2)
  23 ironbound convokers
  An iron giant skeleton (Crypt:1)
  A shadow dragon zombie (Crypt:2)
  10 orc knights
  19 large abominations (Abyss:1)
  20 deep elf pyromancers
  2 thermic dynamos (Elf:1)
  An iron dragon zombie (Depths:2)
  Pikel (D:4)
  16 necromancers
  5 harpies (Vaults:2)
  50 ugly things
  A wolf spider (shapeshifter) (Vaults:3)
  11 will-o-the-wisps
  5 shining eyes
  A sphinx simulacrum (Depths:2)
  15 salamanders
  3 manticores (D:15)
  5 orc sorcerers
  Maurice (D:9)
  2 salamanders (shapeshifter)
  19 vault sentinels
  4 worldbinders
  14 cyclopes
  A cyclops (shapeshifter) (Vaults:4)
  7 centaur zombies
  4 guardian serpents
  A kobold blastminer (Orc:2)
  A rust devil (Abyss:1)
  2 stone giant skeletons (Depths:1)
  29 black mambas
  11 moths of wrath (Zot:1)
  20 elephants
  2 apocalypse crabs
  3 torpor snails
  24 naga magi
  2 black mambas (shapeshifter)
  3 dire elephant zombies
  An eye of devastation (Slime:4)
  10 cane toads
  8 gargoyles (D:13)
  4 orange demons
  11 smoke demons
  A white draconian zombie (Crypt:1)
  16 freezing wraiths
  2 cane toads (shapeshifter) (Elf:1)
  A kobold demonologist (D:10)
  Jeremiah (D:7)
  3 rime drakes
  5 unseen horrors
  52 yaktaurs
  A death yak skeleton (Crypt:3)
  2 tengu conjurers
  10 komodo dragons
  An ice devil (D:11)
  A tormentor (Abyss:1)
  A queen bee (shapeshifter) (Elf:1)
  11 ancient zymes
  4 guardian mummies (Crypt:3)
  A death drake zombie (Crypt:1)
  A merfolk (D:12)
  A merfolk (shapeshifter) (Vaults:5)
  A queen bee (Gauntlet)
  4 harpy zombies
  A sea snake skeleton (Crypt:2)
  A hornet (shapeshifter) (Elf:1)
  10 polar bears
  18 raiju (Abyss:1)
  9 trolls
  A polar bear (shapeshifter) (D:13)
  3 hellwings (Abyss:1)
  17 hornets
  6 tyrant leeches
  A spectral elephant (Lair:5)
  17 blink frogs
  2 harpy skeletons
  7 dream sheep (Lair:5)
  A spectral dream sheep (Gauntlet)
  2 glass eyes (Depths:2)
  A satyr zombie (Crypt:3)
  A stone giant simulacrum (Crypt:3)
  A jumping spider (Gauntlet)
  A centaur simulacrum (D:14)
  5 shadows
  A spectral black mamba (Gauntlet)
  135 slime creatures
  9 vampires
  A culicivora (shapeshifter) (Depths:4)
  61 yaks
  2 ushabtiu (Crypt:3)
  3 water elementals
  10 wyverns
  2 ettin skeletons (Abyss:1)
  11 wraiths
  6 ynoxinuls
  A dire elephant simulacrum (D:11)
  A tyrant leech zombie (Crypt:1)
  5 fire elementals
  A fire bat (shapeshifter) (D:14)
  A fire bat (Abyss:1)
  A wind drake zombie (Crypt:2)
  24 small abominations
  5 basilisks
  A hog (shapeshifter) (D:14)
  12 golden eyes
  26 vampire mosquitoes
  A redback (Gauntlet)
  A death yak simulacrum (Lair:5)
  2 wargs
  9 neqoxecs (Abyss:1)
  A two-headed ogre zombie (WizLab)
  A glowing shapeshifter zombie (Depths:1)
  20 swamp worms
  47 nagas
  A spectral cane toad (Lair:5)
  2 swamp worms (shapeshifter) (Elf:1)
  A fire bat zombie (Crypt:1)
  6 chaos spawn
  2 harpy simulacra
  2 acid dragons
  20 water moccasins
  A merfolk skeleton (Crypt:2)
  2 two-headed ogre skeletons (WizLab)
  39 orc warriors
  8 swamp drakes
  10 black bears
  An elephant zombie (Lair:5)
  A glowing shapeshifter skeleton (Depths:2)
  2 ice beasts
  A sky beast (D:6)
  12 ogres
  13 wolves
  20 laughing skulls
  A dream sheep skeleton (Crypt:3)
  4 boggarts
  8 centaurs
  49 starcursed masses
  A phantom (D:5)
  A lindwurm skeleton (Crypt:2)
  A fire crab zombie (Crypt:1)
  3 kobold brigands
  3 weeping skulls (Abyss:1)
  16 bullfrogs
  3 gnoll sergeants
  A brain worm (Abyss:1)
  A cane toad simulacrum (Lair:5)
  A deep troll simulacrum (WizLab)
  4 earth elementals
  A draconian skeleton (Crypt:3)
  3 scorpions
  An entropy weaver simulacrum (D:11)
  5 wights (D:8)
  A cyclops skeleton (Crypt:2)
  An elephant simulacrum (Lair:5)
  14 killer bees
  A yak zombie (Crypt:2)
  An electric eel (Lair:4)
  4 howler monkeys
  A yak skeleton (Crypt:3)
  2 crimson imps (Abyss:1)
  4 quasits
  28 orc priests
  3 bombardier beetles
  2 iron imps
  A human skeleton (Crypt:3)
  30 orc wizards
  5 iguanas
  A troll simulacrum (D:11)
  5 mutant beasts (D:10)
  A tengu zombie (Crypt:1)
  5 adders
  29 gnolls
  2 shadow imps
  6 white imps
  15 ufetubi
  A jelly zombie (Crypt:1)
  An adder zombie (Crypt:3)
  2 dart slugs
  A ribbon worm (D:2)
  89 orcs
  9 endoplasms
  2 giant cockroaches (D:3)
  10 goblins
  11 hobgoblins
  4 quokkas
  7 ball pythons
  4 bats (D:1)
  A dart slug zombie (Crypt:2)
  4 frilled lizards
  A jackal skeleton (Crypt:3)
  44 kobolds
  14 rats
  2 lurking horrors
  2 spectral weapons (Swamp:2)
  21 starspawn tentacles
2716 creatures vanquished.

Vanquished Creatures (collateral kills)
  the Royal Jelly (Slime:5)
  An acid blob (Slime:5)
  A rockslime (Slime:5)
  A quicksilver ooze (Slime:5)
  A naga warrior (Snake:4)
  A naga ritualist (Snake:4)
  An orc knight (Bailey)
  A black mamba (Snake:4)
  An orc warrior (Bailey)
9 creatures vanquished.

Vanquished Creatures (others)
  2 vault guards (Vaults:5)
  A two-headed ogre (Orc:1)
  A shock serpent (Snake:4)
  A phantasmal warrior (Vaults:5)
  A bog body (D:11)
  An ironbound convoker (Vaults:5)
  2 deep elf zephyrmancers (Elf:3)
  A bloated husk (Swamp:1)
  A polar bear (D:11)
  A tyrant leech (Swamp:1)
  A yak (D:11)
  An orc warrior (Bailey)
  2 laughing skulls (Crypt:3)
  A wolf (D:11)
  A small abomination (Abyss:2)
  A cane toad simulacrum (D:11)
  41 foxfires
  2 lurking horrors
  25 starspawn tentacles
87 creatures vanquished.

Grand Total: 2812 creatures vanquished

Notes
Turn   | Place    | Note
-------+----------+-------------------------------------------
     0 | D:1      | Anonymous1 the Mountain Dwarf Berserker began the quest for
                  | the Orb.
     0 | D:1      | Reached XP level 1. HP: 19/19 MP: 1/1
   192 | D:1      | Reached XP level 2. HP: 17/26 MP: 2/2
   756 | D:2      | Reached ** piety under Trog
   932 | D:2      | Reached XP level 3. HP: 33/33 MP: 3/3
  1722 | D:2      | Reached skill level 5 in Axes
  1849 | D:3      | Reached XP level 4. HP: 25/40 MP: 4/4
  1958 | D:3      | Identified the staff "Cair" {Fly rN+ Int+6 Necro}
  2040 | D:3      | Found a hide-covered altar of Uskayaw.
  2115 | D:3      | Found Tyclocus's General Store.
  2135 | D:3      | Bought a wand of light (1) for 54 gold pieces
  2211 | D:3      | Found Cunoisti's Book Emporium.
  2224 | D:3      | Found Beesien's Jewellery Shop.
  2245 | D:3      | Found Esul's Antique Weapon Shop.
  2393 | D:4      | Found a hazy altar of Hepliaklqana.
  2555 | D:4      | Reached XP level 5. HP: 46/46 MP: 5/5
  2562 | D:4      | Found Aekliw's Alliterative Accessories.
  2613 | D:4      | Noticed a black bear
  2622 | D:4      | Killed a black bear
  2674 | D:4      | Noticed an ogre
  2683 | D:4      | Reached XP level 6. HP: 52/52 MP: 6/6
  2687 | D:4      | HP: 2/52 [ogre/+0 giant spiked club (16)]
  2923 | D:4      | Noticed Pikel
  2938 | D:4      | Killed Pikel
  2939 | D:4      | Reached skill level 5 in Armour
  2939 | D:4      | Reached XP level 7. HP: 43/60 MP: 7/7
  3013 | D:4      | Found a staircase to the Ecumenical Temple.
  3106 | D:4      | Reached *** piety under Trog
  3123 | D:4      | Found a broken altar of Ashenzari.
  3194 | D:4      | Found a snail-covered altar of Cheibriados.
  3641 | D:5      | Entered Level 5 of the Dungeon
  3775 | D:5      | Found a shimmering altar of Xom.
  3848 | D:5      | Reached skill level 5 in Fighting
  3858 | D:5      | Reached XP level 8. HP: 45/68 MP: 8/8
  3979 | D:5      | Found a shadowy altar of Dithmenos.
  4260 | D:5      | Reached skill level 10 in Axes
  4406 | D:5      | Reached **** piety under Trog
  5232 | D:6      | Reached XP level 9. HP: 62/75 MP: 9/9
  5499 | D:6      | Found a sparkling altar of Nemelex Xobeh.
  6358 | D:7      | Reached ***** piety under Trog
  6420 | D:7      | Found a blossoming altar of Fedhas.
  6573 | D:7      | Noticed Jeremiah
  6603 | D:7      | Killed Jeremiah
  6895 | D:7      | Found a radiant altar of Vehumet.
  7009 | D:7      | Reached skill level 1 in Evocations
  7080 | D:8      | Found a staircase to the Lair.
  7122 | D:8      | Found Susiahea's Antique Armour Shoppe.
  7146 | D:8      | Found a white marble altar of Elyvilon.
  7147 | D:8      | Found a glowing silver altar of Zin.
  7148 | D:8      | Found a glowing golden altar of the Shining One.
  7245 | D:8      | Found Aghytaew's Assorted Antiques.
  7248 | D:8      | Bought a scroll of identify for 48 gold pieces
  7307 | D:8      | Reached XP level 10. HP: 47/82 MP: 10/10
  7373 | D:8      | Found a flagged portal.
  7393 | Bailey   | Entered a bailey
  7912 | Bailey   | Noticed an orc knight
  7923 | Bailey   | Received a gift from Trog
  7981 | Bailey   | Noticed an orc knight
  7986 | Bailey   | Killed an orc knight
  8010 | Bailey   | Killed an orc knight
  8206 | D:8      | Found a burning altar of Makhleb.
  8212 | D:8      | Found an opulent altar of Gozag.
  8217 | D:8      | Found a sacrificial altar of Ru.
  8569 | D:8      | Reached skill level 15 in Axes
  8658 | D:8      | Found Locyn's Assorted Antiques.
  8666 | D:8      | Bought a pair of gloves for 157 gold pieces
  8739 | D:8      | Found Qicorud's Armour Shoppe.
  8742 | D:8      | Bought a +2 hat for 224 gold pieces
  8787 | D:8      | Found Papib's Armour Shop.
  9153 | D:9      | Found Veumiry's Weapon Shoppe.
  9384 | D:9      | Noticed Gastronok
  9405 | D:9      | Killed Gastronok
  9406 | D:9      | Reached XP level 11. HP: 95/95 MP: 11/11
  9804 | D:9      | Noticed Maurice
  9808 | D:9      | Maurice stole a +2 morningstar of holy wrath
  9819 | D:9      | Killed Maurice
 10326 | D:10     | Entered Level 10 of the Dungeon
 10415 | D:10     | Gained mutation: You have supernaturally acute eyesight.
                  | (SInv) [potion of mutation]
 10454 | D:10     | Found a staircase to the Orcish Mines.
 10643 | D:10     | Noticed a juvenile shocksting beast
 10655 | D:10     | Killed a juvenile shocksting beast
 10704 | D:10     | Noticed a two-headed ogre
 10715 | D:10     | Killed a two-headed ogre
 10879 | D:10     | Found a stormy altar of Qazlal.
 10997 | D:11     | Found Telog's Antique Armour Shoppe.
 11007 | D:11     | Bought an embroidered scarf for 168 gold pieces
 11085 | D:11     | Noticed Nergalle
 11095 | D:11     | Killed Nergalle
 11375 | D:11     | Noticed a bog body
 11405 | D:11     | Received a gift from Trog
 11651 | D:11     | Noticed a two-headed ogre
 11657 | D:11     | Killed a two-headed ogre
 11658 | D:11     | Reached XP level 12. HP: 104/104 MP: 12/12
 11744 | D:11     | Identified the +3 ring mail of Disaster {Harm *Slow rPois
                  | rN++}
 11791 | D:11     | Reached skill level 10 in Armour
 12159 | Lair:1   | Entered Level 1 of the Lair of Beasts
 12312 | Lair:1   | Noticed Amaemon
 12327 | Lair:1   | Killed Amaemon
 12478 | Lair:1   | Found a gate leading to a gauntlet.
 12481 | Lair:1   | Identified the +2 helmet of Hide-and-Seek {-Tele Rampage
                  | Dex-5 Slay+6}
 12490 | Gauntlet | Entered a Gauntlet
 12490 | Gauntlet | Found a transporter.
 12514 | Gauntlet | Found a transporter.
 12514 | Gauntlet | Found a transporter.
 12515 | Gauntlet | Found a transporter.
 12523 | Gauntlet | Found a transporter.
 12526 | Gauntlet | Found a transporter.
 12527 | Gauntlet | Found a transporter.
 12531 | Gauntlet | Found a runed translucent door.
 12534 | Gauntlet | Noticed a death scarab
 12535 | Gauntlet | Found a transporter.
 12538 | Gauntlet | Found a transporter.
 12538 | Gauntlet | Noticed a death scarab
 12539 | Gauntlet | Found a transporter.
 12544 | Gauntlet | Noticed an entropy weaver
 12545 | Gauntlet | Found a runed translucent door.
 12546 | Gauntlet | Found a runed translucent door.
 12547 | Gauntlet | Found a transporter.
 12550 | Gauntlet | Found a transporter.
 12551 | Gauntlet | Found a transporter.
 12558 | Gauntlet | Found a runed translucent door.
 12561 | Gauntlet | Found a transporter.
 12600 | Gauntlet | Found a runed translucent door.
 12671 | Gauntlet | Reached skill level 10 in Fighting
 12694 | Gauntlet | Killed a death scarab
 12742 | Gauntlet | Killed a death scarab
 12772 | Gauntlet | Killed an entropy weaver
 12784 | Gauntlet | Identified the +2 hat "Attipn" {*Corrode rN+ Regen+}
 12870 | Gauntlet | Reached XP level 13. HP: 108/114 MP: 13/13
 12882 | Gauntlet | Identified the +2 robe of Keloysid {*Corrode rElec Str-4
                  | Int+9}
 12887 | Gauntlet | Noticed a minotaur
 12893 | Gauntlet | Killed a minotaur
 12946 | Gauntlet | Found the +1 robe of Vines {NoPotionHeal Regen++++}
 13646 | Lair:2   | Noticed Urug
 13653 | Lair:2   | Killed Urug
 13802 | Lair:2   | Found a staircase to the Snake Pit.
 14132 | Lair:2   | Noticed Erica
 14140 | Lair:2   | Killed Erica
 14632 | Lair:3   | Noticed Sonja
 14646 | Lair:3   | Killed Sonja
 14647 | Lair:3   | Reached ****** piety under Trog
 14720 | Lair:3   | Found a staircase to the Swamp.
 14872 | Lair:3   | Received a gift from Trog
 15036 | Lair:3   | Noticed Rupert
 15045 | Lair:3   | Killed Rupert
 15342 | Lair:3   | Identified the +9 shortbow of Conflict {freeze, Dex+3}
 15548 | Lair:4   | Reached XP level 14. HP: 127/127 MP: 14/14
 15884 | Lair:4   | You fall into a shaft and drop 1 floor!
 15884 | Lair:5   | Entered Level 5 of the Lair of Beasts
 16172 | Lair:5   | Identified the amulet of Pazuh {Regen+ Str+3}
 16251 | Lair:5   | Received a gift from Trog
 16313 | Lair:5   | Identified the +1 bardiche "Ehuogg" {drain, rPois Will+
                  | Dex+3}
 16400 | Lair:4   | Identified a scroll of acquirement
 16401 | Lair:4   | Acquired the +8 Wrath of Trog {antimagic, *Rage Rampage}
 16401 | Lair:4   | Found the +8 Wrath of Trog {antimagic, *Rage Rampage}
 17626 | Lair:5   | Found a staircase to the Slime Pits.
 17679 | Lair:5   | Reached skill level 15 in Fighting
 17935 | Lair:5   | Reached skill level 15 in Armour
 17935 | Lair:5   | Reached XP level 15. HP: 136/141 MP: 5/15
 18193 | Orc:1    | Entered Level 1 of the Orcish Mines
 18226 | Orc:1    | Received a gift from Trog
 18383 | Orc:1    | Found Gihuovvol's Magic Scroll Shop.
 18387 | Orc:1    | Bought a scroll of acquirement for 728 gold pieces
 18387 | Orc:1    | Bought a scroll of vulnerability for 56 gold pieces
 18387 | Orc:1    | Acquired the +7 plate armour of the Other Side {rElec}
 18407 | Orc:1    | Bought a scroll of immolation for 56 gold pieces
 18623 | Orc:2    | Entered Level 2 of the Orcish Mines
 18728 | Orc:2    | Found a staircase to the Elven Halls.
 18922 | Orc:2    | Received a gift from Trog
 18929 | Orc:2    | HP: 9/214 [orc high priest/divine providence (12)]
 18933 | Orc:2    | HP: 3/214 [orc priest/divine providence (10)]
 19226 | Orc:2    | Found Uteosav's General Store.
 19227 | Orc:2    | Found Manwapho's Book Shop.
 19230 | Orc:2    | Found Qipso's Antique Armour Boutique.
 19230 | Orc:2    | Found Ucveo's Antique Weapon Boutique.
 19262 | Orc:2    | Bought a fading helmet for 294 gold pieces
 19262 | Orc:2    | Identified the +3 helmet of Mirth {rPois Int+4 Stlth-} (You
                  | bought it in a shop on level 2 of the Orcish Mines)
 19944 | D:12     | Identified the +5 long sword of Doomed Valour {vamp, rElec
                  | Stlth+}
 19949 | D:12     | Received a gift from Trog
 21253 | D:13     | Found the ring of the Hare {EV+10}
 21485 | D:13     | Identified the amulet "Jiyff" {Reflect Rampage rF+ SH+5}
 22238 | D:13     | Received a gift from Trog
 22531 | D:14     | Found a gate to the Vaults.
 22670 | D:14     | Found Naupruax's General Store.
 22875 | D:14     | Reached XP level 16. HP: 109/155 MP: 5/16
 22933 | D:14     | Noticed Snorg
 22940 | D:14     | Killed Snorg
 22944 | D:14     | Noticed Nessos
 22947 | D:14     | Killed Nessos
 23112 | D:14     | Bought a scroll of teleportation for 51 gold pieces
 23112 | D:14     | Bought a potion of might for 68 gold pieces
 23112 | D:14     | Bought a wand of roots (3) for 122 gold pieces
 23154 | D:15     | Entered Level 15 of the Dungeon
 23395 | D:15     | Found a staircase to the Depths.
 23410 | D:15     | Found a runed translucent door.
 23414 | D:15     | Found a runed translucent door.
 23418 | D:15     | Noticed a lich
 23418 | D:15     | Noticed a sphinx
 24300 | D:15     | Noticed Fyiman's ghost (journeyman DECj)
 24412 | D:15     | Killed a sphinx
 24421 | D:15     | Killed Fyiman's ghost
 24490 | D:15     | Killed a lich
 24735 | Snake:1  | Entered Level 1 of the Snake Pit
 24816 | Snake:1  | Noticed a thorn hunter
 24825 | Snake:1  | Noticed a thorn hunter
 24840 | Snake:1  | Killed a thorn hunter
 24848 | Snake:1  | Killed a thorn hunter
 25164 | Snake:1  | Found a shimmering altar of Xom.
 25718 | Snake:1  | Received a gift from Trog
 25851 | Snake:1  | Noticed Agnes
 25855 | Snake:1  | Killed Agnes
 26601 | Snake:2  | Reached XP level 17. HP: 157/166 MP: 5/17
 26620 | Snake:2  | Found Xonwoc's Jewellery Boutique.
 27411 | Snake:2  | Identified the +5 scimitar of Jaateot {freeze, Will++
                  | Dex+6}
 27951 | Snake:3  | Received a gift from Trog
 28298 | Snake:3  | Found Mecvojuo's Specialty Armours.
 28934 | Snake:4  | Entered Level 4 of the Snake Pit
 29342 | Snake:4  | Received a gift from Trog
 30186 | Snake:4  | Received a gift from Trog
 30204 | Snake:4  | Reached XP level 18. HP: 124/178 MP: 6/18
 30265 | Snake:4  | Got a serpentine rune of Zot
 30695 | Swamp:1  | Entered Level 1 of the Swamp
 30737 | Swamp:1  | Acquired a manual of Fighting
 30998 | Swamp:1  | Found the +9 sword of Zonguldrok {reap}
 31269 | Swamp:2  | Noticed a tentacled monstrosity
 31286 | Swamp:2  | Killed a tentacled monstrosity
 31533 | D:4      | Bought a manual of Armour for 1120 gold pieces
 32505 | Swamp:3  | Noticed Nikola
 32520 | Swamp:3  | Killed Nikola
 32700 | Swamp:4  | Entered Level 4 of the Swamp
 33023 | Swamp:4  | Received a gift from Trog
 33156 | Swamp:4  | Identified the serpent talisman of Winter {+Blink rC- SInv
                  | Stlth+}
 33156 | Swamp:4  | Noticed Aizul
 33166 | Swamp:4  | Killed Aizul
 33445 | Swamp:4  | Noticed the 27-headed Lernaean hydra
 33453 | Swamp:4  | Killed the 23-headed Lernaean hydra
 33506 | Swamp:4  | Identified the +4 long sword of Ruination {venom, rC+ Int+6
                  | Stlth+}
 33603 | Swamp:4  | Got a decaying rune of Zot
 33959 | Elf:1    | Entered Level 1 of the Elven Halls
 33985 | Elf:1    | Noticed a Brimstone Fiend
 34820 | Elf:1    | Reached XP level 19. HP: 188/193 MP: 6/19
 34931 | Elf:1    | Noticed Norris
 34954 | Elf:1    | Killed Norris
 34955 | Elf:1    | Reached skill level 27 in Axes
 35257 | Elf:2    | Found Peustrige's Book Emporium.
 35296 | Elf:2    | Received a gift from Trog
 35371 | Elf:2    | Found Bapamn's General Store.
 35382 | Elf:2    | Bought a potion of haste for 140 gold pieces
 35382 | Elf:2    | Bought a scroll of teleportation for 42 gold pieces
 35672 | Elf:2    | Found a runed translucent gate.
 35672 | Elf:2    | Found a runed translucent gate.
 35672 | Elf:2    | Found a runed translucent gate.
 36039 | Elf:2    | Received a gift from Trog
 36293 | Elf:3    | Entered Level 3 of the Elven Halls
 36637 | Snake:2  | Bought the ring "Soczahas" {rPois Will+ Str+7} for 814 gold
                  | pieces
 37102 | Elf:3    | Found Wiusic's Armour Shoppe.
 37583 | Elf:3    | Received a gift from Trog
 37588 | Elf:3    | Identified the +6 broad axe of Vodka {freeze, ^Drain rC++
                  | Str+4 Stlth+}
 37823 | Elf:3    | Identified the ring of Bait {rElec rF+ rCorr Dex+4}
 37911 | Elf:3    | Acquired 781 gold pieces
 38001 | Elf:3    | Identified the staff "Earthworm" {rPois rF+ rC- Will+++
                  | Conj Fire}
 38655 | Vaults:1 | Entered Level 1 of the Vaults
 38775 | Vaults:1 | Reached XP level 20. HP: 154/209 MP: 20/20
 38815 | D:14     | Upgraded the game from 0.32-a0-640-gc5db3fc to
                  | 0.32-a0-656-g3542139
 38949 | Vaults:1 | Identified the +2 robe "Gurogh" {Rampage rF+}
 38949 | Vaults:1 | Noticed Boris
 38956 | Vaults:1 | Killed Boris
 38956 | Vaults:1 | Received a gift from Trog
 39098 | Vaults:1 | Noticed Donald
 39111 | Vaults:1 | Killed Donald
 39400 | D:9      | Bought a +1 triple crossbow of flaming for 350 gold pieces
 39793 | Vaults:1 | Reached skill level 1 in Ranged Weapons
 40135 | Vaults:1 | Found a large runed translucent door.
 40135 | Vaults:1 | Found a large runed translucent door.
 40136 | Vaults:1 | Noticed Ites's ghost (veteran DsAl)
 40234 | Vaults:1 | Received a gift from Trog
 40601 | Vaults:1 | Killed Ites's ghost
 40606 | Vaults:1 | Identified the +5 scale mail of Fedhas's Reproof {rC++ rN+
                  | rCorr Int-3}
 40814 | Vaults:2 | Found a staircase to the Crypt.
 41366 | Vaults:2 | Found Bycep's Assorted Antiques.
 41369 | Vaults:2 | Bought a potion of heal wounds for 140 gold pieces
 41369 | Vaults:2 | Bought a scroll of teleportation for 84 gold pieces
 41369 | Vaults:2 | Bought a scroll of teleportation for 84 gold pieces
 41485 | Vaults:2 | Received a gift from Trog
 42320 | Vaults:3 | Reached XP level 21. HP: 200/222 MP: 21/21
 42350 | Vaults:3 | Found a huge runed translucent gate.
 42350 | Vaults:3 | Found a huge runed translucent gate.
 42350 | Vaults:3 | Found a huge runed translucent gate.
 42350 | Vaults:3 | Found a huge runed translucent gate.
 42444 | Vaults:3 | Noticed Sojobo
 42448 | Vaults:3 | Received a gift from Trog
 42454 | Vaults:3 | Killed Sojobo
 42583 | Vaults:3 | Reached skill level 5 in Ranged Weapons
 42754 | Vaults:3 | Reached skill level 27 in Fighting
 43287 | Vaults:3 | Found a huge runed translucent gate.
 43287 | Vaults:3 | Found a huge runed translucent gate.
 43287 | Vaults:3 | Found a huge runed translucent gate.
 43288 | Vaults:3 | Found a huge runed translucent gate.
 43288 | Vaults:3 | Found a huge runed translucent gate.
 43288 | Vaults:3 | Found a huge runed translucent gate.
 43288 | Vaults:3 | Found a huge runed translucent gate.
 43288 | Vaults:3 | Found a huge runed translucent gate.
 43289 | Vaults:3 | Found a huge runed translucent gate.
 43290 | Vaults:3 | Found a huge runed translucent gate.
 43291 | Vaults:3 | Found a huge runed translucent gate.
 43291 | Vaults:3 | Found a huge runed translucent gate.
 43292 | Vaults:3 | Found a huge runed translucent gate.
 43293 | Vaults:3 | Found a huge runed translucent gate.
 43294 | Vaults:3 | Found a huge runed translucent gate.
 43295 | Vaults:3 | Found a huge runed translucent gate.
 43295 | Vaults:3 | Found a huge runed translucent gate.
 43299 | Vaults:3 | Found a huge runed translucent gate.
 43300 | Vaults:3 | Found a huge runed translucent gate.
 43301 | Vaults:3 | Found a huge runed translucent gate.
 43301 | Vaults:3 | Found a huge runed translucent gate.
 43355 | Vaults:3 | Found a huge runed translucent gate.
 43356 | Vaults:3 | Found a huge runed translucent gate.
 43357 | Vaults:3 | Found a huge runed translucent gate.
 43358 | Vaults:3 | Found a huge runed translucent gate.
 43358 | Vaults:3 | Found a huge runed translucent gate.
 43363 | Vaults:3 | Found a huge runed translucent gate.
 43364 | Vaults:3 | Found a huge runed translucent gate.
 43364 | Vaults:3 | Found a huge runed translucent gate.
 43364 | Vaults:3 | Found a huge runed translucent gate.
 43364 | Vaults:3 | Found a huge runed translucent gate.
 43366 | Vaults:3 | Found a huge runed translucent gate.
 43598 | Vaults:4 | Found Jabotzen's Antique Armour Shoppe.
 43602 | Vaults:4 | Bought a scorched scale mail for 234 gold pieces
 43602 | Vaults:4 | Identified the +3 scale mail of Insurance {Will+} (You
                  | bought it in a shop on level 4 of the Vaults)
 43621 | Vaults:4 | Found a transporter.
 43625 | Vaults:4 | Found Soytal's Armour Boutique.
 43648 | Vaults:4 | Found a transporter.
 43759 | Vaults:4 | Received a gift from Trog
 43875 | Vaults:4 | Noticed Mennas
 43886 | Vaults:4 | Killed Mennas
 44143 | Vaults:4 | Found Diuwi's Weapon Shoppe.
 44664 | Vaults:5 | Entered Level 5 of the Vaults
 44725 | Vaults:4 | Identified the +8 broad axe "Charmed Goblinbane" {flame,
                  | rPois rN+ rCorr Dex+2} (Trog gifted it to you on level 4 of
                  | the Vaults)
 44725 | Vaults:4 | Received a gift from Trog
 44946 | Vaults:5 | Noticed a dread lich
 44978 | Vaults:4 | Killed a dread lich
 44998 | Vaults:5 | Noticed an ancient lich
 45111 | Vaults:4 | Reached XP level 22. HP: 68/233 MP: 22/22
 45300 | Vaults:4 | Killed an ancient lich
 45491 | Vaults:5 | Identified the +8 shortbow of War {flame, rElec rC- Will+}
 45796 | Vaults:5 | Noticed a golden dragon
 45799 | Vaults:4 | Received a gift from Trog
 46053 | Vaults:5 | Killed a golden dragon
 46185 | Vaults:5 | Noticed Mara
 46197 | Vaults:4 | Killed Mara
 47205 | Vaults:5 | Identified the +7 chain mail of the Sky {+Blink Dex+4}
 47222 | Vaults:5 | Noticed Margery
 47227 | Vaults:5 | Identified the +3 leather armour "Fiott" {rC+++}
 47318 | Vaults:5 | Killed Margery
 47625 | Vaults:5 | Got a silver rune of Zot
 47628 | Vaults:5 | Identified the staff "Loghi" {rElec Str+4 Air}
 47786 | Vaults:5 | Found the +8 orange crystal plate armour {Archmagi, Int+3
                  | Clar}
 47849 | Vaults:5 | Identified the +3 shortbow "Gram" {drain, rC+ Will++}
 48412 | Depths:1 | Entered Level 1 of the Depths
 48426 | Depths:1 | Received a gift from Trog
 48805 | Slime:1  | Entered Level 1 of the Pits of Slime
 48810 | Slime:1  | Reached skill level 5 in Dodging
 48955 | Slime:1  | Reached skill level 5 in Evocations
 49006 | Slime:1  | Found a viscous altar of Jiyva.
 49221 | Slime:2  | Paralysed by a formless jellyfish for 1 turns
 49361 | Slime:2  | Gained mutation: You possess an exceptional clarity of
                  | mind. [a shining eye]
 49534 | Slime:5  | Entered Level 5 of the Pits of Slime
 49535 | Slime:5  | Found the +8 lance "Wyrmbane" {slay drac, rPois rF+ rC+
                  | AC+3}
 49561 | Slime:5  | Reached XP level 23. HP: 240/240 MP: 23/23
 49717 | Slime:5  | Received a gift from Trog
 49859 | Slime:4  | Reached skill level 27 in Armour
 50013 | Slime:5  | Gained mutation: You occasionally lose the ability to drink
                  | potions when taking damage. [a shining eye]
 50146 | Slime:5  | Found a viscous altar of Jiyva.
 50258 | Slime:5  | Noticed the Royal Jelly
 50272 | Slime:5  | Killed the Royal Jelly
 50502 | Slime:5  | Identified the staff "Gusauw" {+Blink rElec rF- Ice Earth}
 50515 | Slime:5  | Identified the +4 glaive of Responsibility {venom, rN+
                  | rCorr}
 50546 | Slime:5  | Identified the +3 plate armour "Cisuy" {Will- SInv Stlth+}
 50613 | Slime:5  | Identified the +1 trident "Ohasyin" {drain, rElec}
 50661 | Slime:5  | Identified the +4 executioner's axe of the Shifting Wasp
                  | {vamp, rC- rN++ Will+}
 50663 | Slime:5  | Got a slimy rune of Zot
 50689 | Slime:5  | Identified the +10 chain mail "Titoybb" {Fly rCorr Dex+2}
 50693 | Slime:5  | Identified the +5 quarterstaff of the Pyrrhic Victory
                  | {flame, rF+ rN+ Str+4}
 51085 | Depths:1 | Found the amulet of Vitality {Regen++ RegenMP++}
 51087 | Depths:1 | Found a gateway to Hell.
 51209 | Depths:1 | Received a gift from Trog
 51274 | Depths:1 | Found Coarerao's Book Boutique.
 51395 | Depths:1 | Reached skill level 10 in Evocations
 51632 | Depths:1 | Found a one-way gateway to a ziggurat.
 51725 | Depths:1 | Found an iron altar of Okawaru.
 52094 | Temple   | Entered the Ecumenical Temple
 52297 | D:8      | Fell from the grace of Trog
 52297 | D:8      | Became a worshipper of the Shining One
 53279 | Vaults:1 | Got the Reference Book on Breezy Forces
 53314 | Crypt:1  | Entered Level 1 of the Crypt
 53542 | Vaults:1 | Got the Volume of Feathery Desecration
 53693 | Crypt:1  | Reached skill level 1 in Invocations
 53693 | Crypt:1  | Noticed Grunn
 53696 | Crypt:1  | Reached * piety under the Shining One
 53700 | Crypt:1  | Killed Grunn
 53893 | Crypt:1  | Reached ** piety under the Shining One
 53993 | Crypt:1  | Reached *** piety under the Shining One
 54001 | Crypt:1  | Reached skill level 5 in Invocations
 54366 | Crypt:2  | Reached **** piety under the Shining One
 54466 | Crypt:2  | Identified the orb of Duatsam {*channel, Slay+2 SInv}
 54466 | Crypt:2  | Noticed Frederick
 54477 | Crypt:2  | Killed Frederick
 54533 | Crypt:2  | Reached ***** piety under the Shining One
 54800 | Crypt:2  | Noticed Xtahua
 54809 | Crypt:2  | Killed Xtahua
 54825 | Crypt:2  | Reached XP level 24. HP: 249/249 MP: 29/29
 55062 | Crypt:3  | Entered Level 3 of the Crypt
 55206 | Crypt:3  | Reached ****** piety under the Shining One
 55221 | Crypt:3  | Reached skill level 10 in Invocations
 55224 | Crypt:3  | Identified the +2 robe of Biluimn {Harm rF- rC+ rN+}
 55224 | Crypt:3  | Noticed Boris
 55232 | Crypt:3  | Killed Boris
 55539 | Crypt:3  | Found a basalt altar of Yredelemnul.
 55543 | Crypt:3  | Found an ancient bone altar of Kikubaaqudgha.
 55603 | Crypt:3  | Got the Incunabulum of Grisly Blows
 55962 | Crypt:3  | Found a staircase to the Tomb.
 56213 | Crypt:3  | Learned a level 2 spell: Blink
 56218 | Crypt:3  | Learned a level 4 spell: Manifold Assault
 56826 | Vaults:3 | Reached skill level 1 in Spellcasting
 56826 | Vaults:3 | Reached skill level 1 in Translocations
 57376 | Slime:5  | Got the Incunable of Bringing Forth
 57422 | Slime:5  | Learned a level 2 spell: Lesser Beckoning
 57911 | Snake:1  | Got the Almanac of Displaced Abominable Ceremonies
 58499 | D:14     | Bought a potion of curing for 51 gold pieces
 58677 | Orc:1    | Bought a scroll of revelation for 105 gold pieces
 58677 | Orc:1    | Bought a scroll of summoning for 133 gold pieces
 58677 | Orc:1    | Bought a scroll of summoning for 133 gold pieces
 58749 | Orc:2    | Bought a potion of brilliance for 56 gold pieces
 58749 | Orc:2    | Bought a potion of curing for 42 gold pieces
 58749 | Orc:2    | Bought a wand of charming (6) for 201 gold pieces
 59162 | Depths:2 | Found a one-way gate to the infinite horrors of the Abyss.
 59193 | Depths:2 | Noticed the Enchantress
 59207 | Depths:2 | Killed the Enchantress
 59595 | Depths:2 | Found a one-way gate leading to the halls of Pandemonium.
 59671 | Depths:2 | Identified the ring "Fupnighu" {Dex+3 SInv}
 59878 | Depths:2 | Noticed a juggernaut
 59885 | Depths:2 | Killed a juggernaut
 59886 | Depths:2 | Reached skill level 15 in Invocations
 60162 | Depths:3 | Reached skill level 5 in Spellcasting
 60217 | Depths:3 | Identified the maw talisman of the Will of the Gods {Fly
                  | rC++ Will- rCorr}
 60301 | Depths:3 | Reached XP level 25. HP: 257/257 MP: 34/34
 60504 | Depths:3 | Reached skill level 5 in Translocations
 60537 | Depths:3 | Found a radiant altar of Vehumet.
 60880 | Depths:3 | Voluntarily entered the Abyss.
 60880 | Abyss:1  | Found a corrupted altar of Lugonu.
 60880 | Abyss:1  | Found a corrupted altar of Lugonu.
 61256 | Abyss:1  | Found a corrupted altar of Lugonu.
 61277 | Abyss:1  | Found a corrupted altar of Lugonu.
 61281 | Abyss:1  | Found a glowing golden altar of the Shining One.
 61293 | Abyss:1  | Found a corrupted altar of Lugonu.
 61311 | Abyss:1  | Found a glowing golden altar of the Shining One.
 61330 | Abyss:1  | Found a corrupted altar of Lugonu.
 61706 | Abyss:1  | Gained mutation: Your spells are a little easier to cast,
                  | but a little less powerful. [a neqoxec]
 62141 | Abyss:1  | Gained mutation: Your body sometimes deteriorates upon
                  | taking damage. [a neqoxec]
 62266 | Abyss:1  | Paralysed by Trog for 4 turns
 62406 | Abyss:1  | Found a corrupted altar of Lugonu.
 62426 | Abyss:1  | Identified a +9 executioner's axe of holy wrath (a +9 heavy
                  | executioner's axe blessed by the Shining One)
 62426 | Abyss:1  | Received a gift from the Shining One
 63668 | Abyss:2  | Found a corrupted altar of Lugonu.
 63705 | Abyss:2  | Gained mutation: You do not regenerate when monsters are
                  | visible. [a cacodemon]
 63712 | Abyss:2  | Lost mutation: Your spells are a little easier to cast, but
                  | a little less powerful. [potion of mutation]
 63712 | Abyss:2  | Lost mutation: You occasionally lose the ability to drink
                  | potions when taking damage. [potion of mutation]
 63712 | Abyss:2  | Lost mutation: Your body sometimes deteriorates upon taking
                  | damage. [potion of mutation]
 63712 | Abyss:2  | Gained mutation: Your health recovers twice as slowly from
                  | being drained. [potion of mutation]
 63712 | Abyss:2  | Gained mutation: You occasionally shout uncontrollably at
                  | your foes. [potion of mutation]
 63712 | Abyss:2  | Lost mutation: You do not regenerate when monsters are
                  | visible. [potion of mutation]
 63745 | Abyss:2  | Gained mutation: You are weak. (Str -2) [a shining eye]
 63746 | Abyss:2  | Found a corrupted altar of Lugonu.
 63747 | Abyss:2  | Gained mutation: You occasionally lose the ability to read
                  | scrolls when taking damage. [a shining eye]
 63748 | Abyss:2  | Gained mutation: You occasionally lose the ability to drink
                  | potions when taking damage. [a shining eye]
 63849 | Abyss:2  | Found a corrupted altar of Lugonu.
 63953 | Abyss:3  | Was forgiven by Trog
 64092 | Abyss:3  | Paralysed by accursed screaming for 1 turns
 64100 | Abyss:3  | Got an abyssal rune of Zot
 64124 | Depths:3 | Escaped the Abyss
 64216 | Depths:3 | Lost mutation: You are weak. (Str -2) [potion of mutation]
 64216 | Depths:3 | Lost mutation: You occasionally shout uncontrollably at
                  | your foes. [potion of mutation]
 64216 | Depths:3 | Lost mutation: Your health recovers twice as slowly from
                  | being drained. [potion of mutation]
 64216 | Depths:3 | Lost mutation: You occasionally lose the ability to read
                  | scrolls when taking damage. [potion of mutation]
 64216 | Depths:3 | Gained mutation: You are partially covered in iridescent
                  | scales. (AC +2) [potion of mutation]
 64216 | Depths:3 | Gained mutation: You are somewhat resistant to further
                  | mutation. [potion of mutation]
 64238 | Depths:4 | Entered Level 4 of the Depths
 64239 | Depths:4 | Found a magical portal.
 64250 | WizLab   | Entered Zonguldrok's Shrine
 64398 | WizLab   | Identified the +0 double sword of Exquisite Torment {pain,
                  | ^Drain Str+9}
 64398 | WizLab   | Noticed an antique champion
 64398 | WizLab   | Noticed an antique champion
 64404 | WizLab   | Killed an antique champion
 64405 | WizLab   | Killed an antique champion
 64420 | WizLab   | Identified the +5 chain mail "Neitziti" {Harm MP+9 Int+4}
 64421 | WizLab   | Identified the +6 plate armour of Tortelloni {Will+ Regen+}
 64446 | WizLab   | Identified the death talisman of Disguise {rC- Str+2 Int+2
                  | Dex+2 Slay+2}
 64634 | Depths:4 | Found a gate to the Realm of Zot.
 64640 | Depths:4 | Reached XP level 26. HP: 243/266 MP: 12/36
 65039 | Depths:4 | Found a broken altar of Ashenzari.
 65157 | Depths:4 | Found a runed translucent door.
 65159 | Depths:4 | Found a shimmering altar of Xom.
 65159 | Depths:4 | Noticed Tazok's ghost (veteran MiCA)
 65210 | Depths:4 | Killed Tazok's ghost
 65651 | Zot:1    | Entered Level 1 of the Realm of Zot
 65893 | Zot:1    | Noticed Vv
 65926 | Zot:1    | Killed Vv
 66407 | Zot:1    | Noticed an orb of fire
 66431 | Zot:1    | Killed an orb of fire
 67132 | Zot:1    | Upgraded the game from 0.32-a0-656-g3542139 to
                  | 0.32-a0-673-g3729bd5
 67143 | Zot:1    | Quit the game

Illustrated notes

Levels and vault maps discovered:
D:1:      zaba_arrival_water, layout_rooms, minmay_fountain_box,
          minmay_small_reverse_x
D:2:      layout_basic, dk_noncrumbling_2, minmay_rat_gold_closets
D:3:      layout_rooms, eat_drink_and_be_merry_uskayaw, serial_shops,
          nicolae_shop_rolling_square, nicolae_shop_waterfront, shop, shop
D:4:      layout_basic, nicolae_hepliaklqana_hazy_memory,
          mainiacjoe_overflow_brackets, amcnicky_altar_gilded,
          minmay_temple_entry_fiery, nicolae_alphabet_shops, uniq_pikel
D:5:      minmay_goblin_kobold_castle, layout_rooms, xom_butterflies,
          nicolae_dithmenos_through_a_glass_darkly
D:6:      minmay_flawed_box, layout_basic, nemelex_xobeh_ov_fountains_minmay
D:7:      layout_loops_cross, mainiacjoe_overflow_six_doors_small,
          mainiacjoe_overflow_chevrons, uniq_jeremiah
D:8:      layout_basic, good_gods_temple_1, minmay_overflow_temple_star_quad,
          dpeg_oklobed_lair, serial_shops, nicolae_shop_crystal, shop,
          nicolae_shop_hallway_plus, shop, kennysheep_mini_moat, enter_bailey_5
D:9:      layout_roguey, serial_shops, nicolae_shop_advertising_works
          [nicolae_subvault_shop_adworks], eino_curves_03, uniq_gastronok,
          uniq_maurice
D:10:     layout_cave_pools, nicolae_qazlal_style_of_elements, orc_0_dummy,
          serial_undead, serial_undead_c, serial_undead_f, serial_undead_e,
          serial_undead_c, kennysheep_minor_cross, nicolae_beast_mode
D:11:     dreamdust_isle_of_ice, layout_loops_ring, serial_shops, shop,
          mrwooster_statue_mirror, serial_bayou_ford_a, uniq_nergalle
D:12:     layout_stronghold, small_statue_intersection, hangedman_fish_farm
D:13:     regret_index_all_hallows'_manor, layout_loops_ring,
          minmay_increasing_density
D:14:     layout_roguey, david_vaults_1, serial_shops,
          nicolae_shop_tiny_waterfront, hex_intersection, uniq_snorg,
          uniq_nessos
D:15:     hangedman_depths_entry_civil_slaughter, layout_basic,
          muffindrake_ghost_dual_entry, solitary_fountain
Temple:   nicolae_temple_superstar
Lair:1:   layout_loops_ring, gauntlet_entry_generic, grunt_megastairs_5,
          lemuel_fruit_tree, infiniplex_staircase_pool, uniq_amaemon
Lair:2:   layout_gridlike, minmay_snake_entry_six_corridors, wad_woods_road_06,
          chequers_serial_rivers_micro_a, grunt_forest_large_clearings,
          uniq_erica, uniq_urug
Lair:3:   layout_regular_city, swamp_mist_pool, grunt_megastairs_2, uniq_rupert,
          uniq_sonja
Lair:4:   layout_gridlike, lemuel_fruit_fields, serial_bayou_shore_a,
          grunt_megastairs_1
Lair:5:   due_jungle_book, layout_loops_ring, dpeg_slime_entry_enclosed
Swamp:1:  layout_basic_swamp, nicolae_swamp_tree_isthmus, swamp_pool_3
Swamp:2:  layout_basic_swamp, evilmike_swamp_ruin_house_6
Swamp:3:  layout_basic_swamp, serial_swamp_ruin, evilmike_swamp_ruin_house_2,
          evilmike_swamp_ruin_rubble_1, uniq_nikola
Swamp:4:  swamp_old_school, layout_basic_swamp, uniq_aizul
Snake:1:  onia_ninara_swampy_vault, layout_basic, basic_altar, uniq_agnes
Snake:2:  layout_grid_maze, serial_shops, nicolae_shop_tiny_waterfront
Snake:3:  layout_layer_cave, nicolae_barding_shop
Snake:4:  snake_pit, layout_cave_town, grunt_ministairs_15, serial_bayou_pond_c
Slime:1:  layout_caves, basic_altar
Slime:2:  nicolae_slime_pool, layout_caves
Slime:3:  layout_caves
Slime:4:  layout_caves
Slime:5:  slime_pit_nicolae_inversion
Orc:1:    layout_diamond_mine, serial_shops, nicolae_shop_back_alley_shop
Orc:2:    st_orc_congregation, layout_caves
Elf:1:    eino_elf_arrival_the_gate, layout_geoelf_octagon,
          nicolae_elf_shapeshifter_party, grunt_megastairs_3, uniq_norris
Elf:2:    elven_hall_of_blades_hangedman_original [nicolae_blade_tridents],
          layout_gridlike, serial_shops, shop, shop, dreamdust_princess_bridge
Elf:3:    minmay_elf_hall_dome, layout_geoelf_grid, serial_shops, shop
Vaults:1: ebering_ghost_disaster_area, st_lattice, v_misc_24, v_alt_pattern_6,
          v_rooms_2, v_pattern_1, nicolae_vaults_twisting_passages,
          dpeg_vaults_monster_box, v_alt_pattern_2,
          nicolae_vaults_hallways_thing, nicolae_vaults_theta,
          nicolae_vaults_little_squares_2, layout_vaults_omnibox, uniq_boris,
          uniq_donald
Vaults:2: nicolae_vaults_little_squares_3, minmay_crypt_entry_simple_round,
          ontoclasm_vaults_decontamination, ontoclasm_vaults_loading_screen,
          vaults_room_boxed, vaults_standard_mumra_x, vaults_dpeg_encased_lava,
          nicolae_vaults_house_2, ontoclasm_vaults_chip,
          nicolae_vaults_specimen_jars, nicolae_vaults_tetromino_L_1,
          layout_vaults_chaotic_city, serial_shops, nicolae_shop_real_fake_doors
Vaults:3: door_vault, nicolae_vaults_layer_cake_slice,
          nicolae_vaults_stepped_doors, ontoclasm_vaults_eye,
          nicolae_vaults_lightning_bolt, vaults_room_door_hall,
          vaults_mumra_minichess, ontoclasm_vaults_pinch,
          nicolae_vaults_diamond_2, grunt_vaults_focal,
          nicolae_vaults_wine_cellar, ontoclasm_vaults_hangar,
          hangedman_vaults_cutoff, layout_vaults_ring, uniq_sojobo
Vaults:4: v_misc_28, nicolae_vaults_double_plus_3,
          nicolae_vaults_little_squares_2, nicolae_vaults_closet_pinwheel_4,
          nicolae_vaults_house_2, layout_vaults_omnigrid, serial_shops,
          nicolae_shop_back_alley_shop, shop, nicolae_shop_drivethru,
          uniq_mennas
Vaults:5: uniq_margery, uniq_mara
Crypt:1:  layout_misc_corridors, nicolae_letterblocks [nicolae_letter_subblock,
          nicolae_letter_subblock, nicolae_letter_subblock,
          nicolae_letter_subblock, nicolae_letter_subblock,
          nicolae_letter_subblock, nicolae_letter_subblock,
          nicolae_letter_subblock, nicolae_letter_subblock,
          nicolae_letter_subblock, nicolae_letter_subblock,
          nicolae_letter_subblock, nicolae_letter_subblock,
          nicolae_letter_subblock, nicolae_letter_subblock,
          nicolae_letter_subblock, nicolae_letter_subblock,
          nicolae_letter_subblock, nicolae_letter_subblock,
          nicolae_letter_subblock, nicolae_letter_subblock,
          nicolae_letter_subblock, nicolae_letter_subblock,
          nicolae_letter_subblock, nicolae_letter_subblock],
          grunt_crypt_arrival_webbed, uniq_grunn
Crypt:2:  layout_gridlike, grunt_ministairs_9, minmay_misc_feat_five,
          uniq_xtahua, uniq_frederick
Crypt:3:  lightli_unholy_cathedral, layout_chaotic_city,
          nicolae_tomb_entry_rubble_hallway, lemuel_freeze_loot_1,
          grunt_megastairs_4
Depths:1: layout_small_grid, enter_ziggurat_b, nicolae_tricolors,
          lightli_too_deep, serial_shops, nicolae_book_shop_shelving,
          eino_small_chamber_without_monster, chequers_serial_rivers_room_b,
          chequers_serial_rivers_micro_d, kennysheep_okawaru_gauntlet
Depths:2: minmay_isolated_rectangles_in_corner, layout_cross,
          hangedman_abyss_or_decor_clamps, hangedman_abyss_entry_splay,
          pf_dread_powers_of_hell, pan_entry, infiniplex_staircase_pillars_1,
          uniq_enchantress
Depths:3: kennysheep_oblong_rooms, layout_gridville, hell_entry,
          abyss_entry_crystal, nicolae_vehumet_radiance
Depths:4: grunt_x_marks_the_spot, layout_gridlike, grunt_decor_resistance,
          ebering_ghost_xom, mu_enter_wizlab_6, hell_entry,
          abyss_entry_small_statue_room, ashenzari_conservatory_becter
Zot:1:    grunt_zot_stairs_mandelzot, layout_gridlike,
          regret_index_zotdec_obsidian_hm, st_small_dragon_hoard_3, st_stairs_8,
          regret_index_zotdec_ceiling_fans, lemuel_flame_loot_1, uniq_vv

Skill      XL: |  1  2  3  4  5  6  7  8  9 10 11 12 13 14 15 16 17 18 19 20 21 22 23 24 25 26 |
---------------+-------------------------------------------------------------------------------+-----
Axes           | 4 5 6 7 8 9 11 13 15 18 20 21 23 24 25 26 27 | 27.0
Armour         | 3 5 6 7 8 9 10 13 15 16 17 19 22 23 24 26 27 | 27.0
Fighting       | 4 5 7 8 9 10 12 15 17 18 20 22 24 26 27 | 27.0
Evocations     | 1 2 3 6 12 13 | 13.4
Dodging        | 2 3 5 7 |  7.9
Ranged Weapons | 4 7 9 |  9.0
Invocations    | 8 15 19 23 | 23.5
Spellcasting   | 5 8 9 |  9.3
Translocations | 4 8 9 |  9.0

Action                     |  1- 3 |  4- 6 |  7- 9 | 10-12 | 13-15 | 16-18 | 19-21 | 22-24 | 25-27 || total
---------------------------+-------+-------+-------+-------+-------+-------+-------+-------+-------++-------
  Melee: Hand axe          |   158 |   102 |   527 |    15 |       |       |       |       |       ||   802
         Battleaxe         |       |       |       |   391 |   837 |  1292 |   340 |       |       ||  2860
         Morningstar       |       |       |       |       |     8 |       |       |       |       ||     8
         Great mace        |       |       |       |       |     6 |       |       |       |       ||     6
         Executioner's axe |       |       |       |       |       |       |   568 |   923 |  1031 ||  2522
   Fire: Triple crossbow   |       |       |       |       |       |       |       |    19 |       ||    19
  Throw: Dart              |     4 |     6 |     9 |    11 |     5 |       |       |       |       ||    35
         Throwing net      |       |       |       |       |       |       |     1 |       |       ||     1
   Cast: Manifold Assault  |       |       |       |       |       |       |       |       |     4 ||     4
 Invoke: Berserk           |       |       |     3 |     3 |    10 |     5 |     4 |     6 |       ||    31
         Trog's Hand       |       |       |     1 |     1 |     4 |    10 |     6 |     8 |       ||    30
         Brothers in Arms  |       |       |       |       |     1 |     2 |       |       |       ||     3
         Divine Shield     |       |       |       |       |       |       |       |     2 |     2 ||     4
         Cleansing Flame   |       |       |       |       |       |       |       |     2 |     7 ||     9
         Brand Weapon With |       |       |       |       |       |       |       |       |     1 ||     1
  Evoke: Wand              |       |       |     2 |    44 |     4 |       |     4 |       |     2 ||    56
         Lightning rod     |       |       |       |       |       |       |       |     1 |       ||     1
         Condenser vane    |       |       |       |       |       |       |       |     1 |       ||     1
    Use: Scroll            |     7 |     3 |     2 |    20 |    13 |    14 |     7 |     5 |     8 ||    79
         Potion            |       |       |     2 |     2 |       |       |     3 |     2 |     3 ||    12
   Stab: Petrified         |       |       |       |       |     3 |       |       |       |       ||     3
         Distracted        |       |       |       |       |     1 |     1 |       |       |       ||     2
         Petrifying        |       |       |       |       |     1 |       |       |       |       ||     1
         Paralysed         |       |       |       |       |     1 |       |       |       |       ||     1
         Held in net/web   |       |       |       |       |       |       |     1 |       |       ||     1
         Invisible         |       |       |       |       |       |       |     1 |       |       ||     1
 Armour: Animal skin       |    38 |       |       |       |       |       |       |       |       ||    38
         Plate armour      |    90 |    90 |   451 |   594 |   424 |  1089 |  1044 |   388 |       ||  4170
         Chain mail        |       |       |       |       |   211 |       |       |       |       ||   211
         Crystal plate arm |       |       |       |       |       |       |       |  1181 |  1032 ||  2213
  Dodge: Dodged            |    66 |    20 |   139 |   181 |   432 |   859 |   428 |   554 |   444 ||  3123
  Block: Other             |       |       |     2 |    54 |       |       |       |     6 |    42 ||   104

Table legend: (Time is in decaauts)
 A = Elapsed time spent in this place.
 B = Non-inter-level travel time spent in this place.
 C = Inter-level travel time spent in this place.
 D = Time resting spent in this place.
 E = Time spent auto-exploring this place.
 F = Levels seen in this place.
 G = Mean time per level.
                   A        B        C        D        E       F      G
               +--------+--------+--------+--------+--------+-----+--------+
         Total |  68390 |  58664 |   9726 |   8548 |  36117 |  58 | 1179.1 |
       Dungeon |  20868 |  16454 |   4414 |   2449 |  11084 |  15 | 1391.2 |
        Temple |     57 |     43 |     14 |      0 |      0 |   1 |   57.0 |
          Lair |   7186 |   5511 |   1675 |    846 |   3618 |   5 | 1437.2 |
         Swamp |   3036 |   2796 |    240 |    108 |   1885 |   4 |  759.0 |
     Snake Pit |   7188 |   5976 |   1212 |   1382 |   3326 |   4 | 1797.0 |
    Slime Pits |   2170 |   1926 |    244 |    315 |    746 |   5 |  434.0 |
  Orcish Mines |   1764 |   1298 |    466 |    219 |    617 |   2 |  882.0 |
   Elven Halls |   3254 |   3036 |    218 |    132 |   1997 |   3 | 1084.7 |
        Vaults |   9760 |   8780 |    980 |   2045 |   4779 |   5 | 1952.0 |
         Crypt |   2849 |   2732 |    117 |     19 |   2056 |   3 |  949.7 |
        Depths |   3994 |   3855 |    139 |    299 |   2616 |   4 |  998.5 |
           Zot |   1435 |   1435 |      0 |     80 |    988 |   1 | 1435.0 |
         Abyss |   3213 |   3213 |      0 |    139 |   1998 |   3 | 1071.0 |
        Bailey |    802 |    802 |      0 |    349 |    188 |   1 |  802.0 |
        Wizlab |    292 |    292 |      0 |      0 |    101 |   1 |  292.0 |
      Gauntlet |    513 |    513 |      0 |    163 |    114 |   1 |  513.0 |
               +--------+--------+--------+--------+--------+-----+--------+

Top non-repeatable levels by time:
Vaults:4: 2964 daAuts
 Abyss:1: 2769 daAuts
Vaults:1: 2233 daAuts
 Snake:1: 2048 daAuts
Vaults:3: 1890 daAuts
    D:12: 1869 daAuts
    D:11: 1858 daAuts
    D:13: 1821 daAuts
 Snake:4: 1818 daAuts
  Lair:5: 1777 daAuts
     D:8: 1772 daAuts
 Snake:3: 1701 daAuts
    D:15: 1697 daAuts
    D:14: 1690 daAuts
 Snake:2: 1619 daAuts
